 Dungeon Crawl Stone Soup version 0.29-a0-96-g93358da72b (webtiles) character file.

Game seed: 12992895156764416496

13 NoSkeletonsAllowed the Chopper (level 2, -3/24 HPs)
             Began as a Human Berserker on Feb 12, 2022.
             Was a Follower of Trog.
             Slain by a gnoll (5 damage)
             ... on level 1 of the Dungeon.
             The game lasted 00:04:10 (156 turns).

NoSkeletonsAllowed the Chopper (Human Berserker)     Turns: 156, Time: 00:04:11

Health: -3/24      AC:  2    Str: 17    XL:     2   Next: 50%
Magic:  2/2        EV: 12    Int:  7    God:    Trog [*.....]
Gold:   4          SH:  0    Dex: 12    Spells: 1/1 levels left

rFire   . . .      SeeInvis .   a - +0 hand axe
rCold   . . .      Faith    .   (no shield)
rNeg    . . .      Spirit   .   b - +0 animal skin
rPois   .          Reflect  .   (no helmet)
rElec   .          Harm     .   (no cloak)
rCorr   .          Rampage  .   (no gloves)
Will    .....                   (no boots)
Stlth   +.........              (no amulet)
HPRegen 0.08/turn               (no ring)
MPRegen 0.08/turn               (no ring)

@: no status effects
A: no striking features
a: Renounce Religion, Berserk


You were on level 1 of the Dungeon.
You worshipped Trog.
Trog was aware of your devotion.
You visited 1 branch of the dungeon, and saw 1 of its levels.

You collected 4 gold pieces.

Inventory:

Hand Weapons
 a - a +0 hand axe (weapon)
 c - a +0 whip
Armour
 b - a +0 animal skin (worn)


   Skills:
 + Level 3.2 Fighting
 + Level 3.3 Axes
 + Level 2.0 Armour
 + Level 2.1 Dodging


You had one spell level left.
You didn't know any spells.
Your spell library was empty.

Dungeon Overview and Level Annotations

Branches:
Dungeon (1/15)

Altars:


Message History

You closely miss the goblin. The goblin hits you but does no damage.
The goblin barely misses you.
You hit the goblin but do no damage. The goblin misses you.
You closely miss the goblin. The goblin hits you with a +0 dagger.
You barely miss the goblin. The goblin closely misses you.
You slash the goblin!
You kill the goblin!
Trog accepts your kill.
You barely miss the ball python. The ball python closely misses you.
The ball python grabs you. The ball python constricts you.
The ball python bites you but does no damage.
The ball python constricts you.
You hit the ball python.
The ball python is severely wounded.
The ball python closely misses you. The ball python constricts you.
You barely miss the ball python.
The ball python is severely wounded.
The ball python barely misses you. The ball python constricts you.
You closely miss the ball python.
The ball python is severely wounded.
The ball python bites you but does no damage.
The ball python constricts you. The ball python barely misses you.
The ball python constricts you.
You slash the ball python!
You kill the ball python!
Trog accepts your kill.
Things that are here:
a +0 dagger; a goblin corpse
Okay, then.
A gnoll comes into view. It is wielding a +0 flail.
The gnoll shouts!
The gnoll closely misses you.
You slash the gnoll!
The gnoll is heavily wounded.
The gnoll hits you with a +0 flail!
* * * LOW HITPOINT WARNING * * *
As you read the scroll labelled EBBUG PYMU, it crumbles to dust.
The scroll dissolves into smoke.
It was a scroll of fog.
The gnoll hits you with a +0 flail.
You die...

..#####..##.....#####..# #.
#g# #..##8...8# # .#. #.#
#.####'''#### .#.# #.#
#.#.........# ....
###)#####.#.........# .#..
#..#......#.........#
....####.###.###§#≈.......≈#
...†..(†..#.## #g#≈.≈...≈.≈#
...).......## #@#≈§≈§..≈.≈#
###.####..## #§#§.......≈#
#. .....# #§#.........#
#.#.###.# ###.........# ..)
..# #.........# ## ###
#####'##### ♣♣♣.#...#
♣♣..♣#...# ♣.♣♣♣#.<.#


You could see a gnoll.

Vanquished Creatures
  3 ball pythons (D:1)
  2 bats (D:1)
  A giant cockroach (D:1)
  2 goblins (D:1)
  A hobgoblin (D:1)
  A quokka (D:1)
  A rat (D:1)
11 creatures vanquished.

Notes
Turn   | Place    | Note
-------+----------+-------------------------------------------
     0 | D:1      | NoSkeletonsAllowed the Human Berserker began the quest for
                  | the Orb.
     0 | D:1      | Reached XP level 1. HP: 18/18 MP: 1/1
    43 | D:1      | Found a faded altar of an unknown god.
    89 | D:1      | Reached XP level 2. HP: 23/24 MP: 2/2
   156 | D:1      | Slain by a gnoll

Illustrated notes

Levels and vault maps discovered:
D:1:      scummos_arrival_gate, layout_loops_ring, basic_ecumenical_altar

Action                   || total
-------------------------++-------
Melee: Hand axe          ||    27
       Punch             ||     1
  Use: Scroll            ||     2
Armor: Animal skin       ||     4
Dodge: Dodged            ||    20

Table legend: (Time is in decaauts)
 A = Elapsed time spent in this place.
 B = Non-inter-level travel time spent in this place.
 C = Inter-level travel time spent in this place.
 D = Time resting spent in this place.
 E = Time spent auto-exploring this place.
 F = Levels seen in this place.
 G = Mean time per level.
                   A        B        C        D        E       F      G
               +--------+--------+--------+--------+--------+-----+--------+
         Total |    160 |    148 |     12 |      0 |      0 |   1 |  160.0 |
       Dungeon |    160 |    148 |     12 |      0 |      0 |   1 |  160.0 |
               +--------+--------+--------+--------+--------+-----+--------+

Top non-repeatable levels by time:
     D:1: 160 daAuts
